 Dungeon Crawl Stone Soup version 0.31-a0-590-g8a5a4361df (webtiles) character file.

Game seed: 97796283655975446

344036 RepHenryClay the Slayer (level 22, -26/199 (201) HPs)
             Began as a Hill Orc Delver on Aug 19, 2023.
             Was the Champion of Okawaru.
             Killed by the air
             ... invoked by a titan
              (40 damage)
             ... on level 5 of the Vaults.
             The game lasted 01:56:23 (43590 turns).

RepHenryClay the Slayer (Hill Orc Delver)          Turns: 43590, Time: 01:56:24

HP:   -26/199 (201) AC: 38    Str: 28      XL:     22   Next: 7%
MP:   33/38         EV: 18    Int:  8 (10) God:    Okawaru [******]
Gold: 3392          SH: 16    Dex: 12      Spells: 21/21 levels left

rFire   + + .        b - +8 demon blade "Leech" {evervamp, Harm Drain rN+}
rCold   + . .        I - +1 kite shield {rC+}
rNeg    + + .        U - +4 storm dragon scales {Bai Suzhen}
rPois   +            l - +0 helmet of the Fife {rF++ MP+9 Stlth-}
rElec   +            G - +2 cloak {Will+}
rCorr   .            k - +2 pair of gloves
SInv    .            X - +3 pair of boots of the Wumpus {rPois}
Will    +++..        J - amulet of Undoing {Faith Rampage rN+ Str+2} Stlth
                     o - +5 ring of evasion
HPRegen 0.53/turn    q - ring of willpower
MPRegen 0.26/turn

%: harm (+30% outgoing, +20% incoming), rampage, faith
@: lethally poisoned (-26 -> -33), heroic, finesse-ful, corroded, constricted,
studying Axes, lightly drained
A: frail 1, poison resistance, noise suppression
}: 2/15 runes: serpentine, barnacled
a: Renounce Religion, Heroism, Finesse, Duel


You were on level 5 of the Vaults.
You worshipped Okawaru.
Okawaru was exalted by your worship.
You visited 7 branches of the dungeon, and saw 36 of its levels.
You visited 1 bazaar.
You also visited: Gauntlet, Ice Cave and Desolation.

You collected 5108 gold pieces.
You spent 1716 gold pieces at shops.

Inventory:

Hand Weapons
 a - the +5 demon whip "Spellbinder" {antimagic, disrupt, Will+}
   (You found it in the Desolation of Salt)

   Will+:     It increases your willpower.
 b - the +8 demon blade "Leech" (weapon) {evervamp, Harm Drain rN+}
   (You took it off a minotaur in a Gauntlet)

   rN+:       It protects you from negative energy.
   Drain:     It drains your maximum health when unequipped.
   Harm:      It increases damage dealt and taken.
Missiles
 r - 16 throwing nets
 S - 16 javelins
 T - 16 silver javelins
Armour
 k - a +2 pair of gloves (worn)
 l - the +0 helmet of the Fife (worn) {rF++ MP+9 Stlth-}
   (You found it on level 2 of the Shoals)

   rF++:      It greatly protects you from fire.
   MP+9:      It affects your magic capacity (+9).
   Stlth-:    It makes you less stealthy.
 G - a +2 cloak of willpower (worn)
 I - a +1 kite shield of cold resistance (worn)
 M - a scarf of resistance
 P - a +1 kite shield of fire resistance
 U - +4 storm dragon scales (worn) {Bai Suzhen}
 W - a +1 pair of boots of flying
 X - the +3 pair of boots of the Wumpus (worn) {rPois}
   (Okawaru gifted it to you on level 14 of the Dungeon)

   rPois:     It protects you from poison
Jewellery
 o - a +5 ring of evasion (left hand)
 q - a ring of willpower (right hand)
 s - the ring "Nett" {*Corrode rF+ rN+ Int+4 Dex+3}
   (You found it in the Desolation of Salt)

   [ring of protection from fire]

   Int+4:     It affects your intelligence (+4).
   Dex+3:     It affects your dexterity (+3).
   rF+:       It protects you from fire.
   rN+:       It protects you from negative energy.
   *Corrode:  It may corrode you when you take damage.
 w - the ring of Vila {rElec MP+9 Dex-5 Slay+6}
   (You found it on level 1 of the Vaults)

   [ring of magical power]

   Dex-5:     It affects your dexterity (-5).
   Slay+6:    It affects your accuracy & damage with ranged weapons and melee
   (+6).
   rElec:     It insulates you from electricity.
   MP+9:      It affects your magic capacity (+9).
 y - a ring of see invisible
 A - an amulet of regeneration
 C - the ring "Fowk" {rN+ MP+9 Int+3}
   (You found it on level 5 of the Lair of Beasts)

   [ring of magical power]

   Int+3:     It affects your intelligence (+3).
   rN+:       It protects you from negative energy.
   MP+9:      It affects your magic capacity (+9).
 F - an amulet of reflection
 H - the ring "Wiemuel" {+Blink rElec rF+ Will++ Dex-4}
   (You found it in a Gauntlet)

   [ring of protection from fire]

   Dex-4:     It affects your dexterity (-4).
   rF+:       It protects you from fire.
   rElec:     It insulates you from electricity.
   Will++:    It greatly increases your willpower.
   +Blink:    It lets you blink.
 J - the amulet of Undoing (around neck) {Faith Rampage rN+ Str+2}
   (You found it on level 2 of the Snake Pit)

   [amulet of faith]

   Faith:     It allows you to gain divine favour quickly.
   Str+2:     It affects your strength (+2).
   rN+:       It protects you from negative energy.
   Rampage:   It bestows one free step when moving towards enemies.
 N - a ring of resist corrosion
 V - the amulet of Elemental Vulnerability {rPois rF-- rC-- AC+8}
   (You found it in the Desolation of Salt)

   [amulet of nothing]

   AC+8:      It affects your AC (+8).
   rF--:      It makes you very vulnerable to fire.
   rC--:      It makes you very vulnerable to cold.
   rPois:     It protects you from poison
Wands
 g - a wand of digging (5)
 n - a wand of acid (17)
 Y - a wand of iceblast (20)
Scrolls
 d - 2 scrolls of revelation
 f - 2 scrolls of brand weapon
 h - 5 scrolls of enchant armour
 p - a scroll of poison
 v - 11 scrolls of fog
 x - 7 scrolls of butterflies
 z - a scroll of enchant weapon
 E - 10 scrolls of teleportation
 K - 24 scrolls of identify {@r1}
 R - a scroll of immolation
 Z - 2 scrolls of fear
Potions
 c - 4 potions of resistance
 e - 12 potions of mutation
 i - 4 potions of magic
 j - 3 potions of cancellation
 m - 3 potions of heal wounds
 t - 12 potions of curing
 u - 7 potions of enlightenment
 D - 7 potions of might
 L - 3 potions of invisibility
 O - 9 potions of haste
 Q - a potion of berserk rage


   Skills:
 + Level 24.3(27) Fighting
 - Level 14.0(19.0) Long Blades
 - Level 14.0(19.0) Axes
 + Level 24.2(27) Armour
 - Level 12.2(17.2) Dodging
 - Level 4.1(9.1) Stealth
 - Level 15.0(20.0) Shields
 - Level 10.0 Invocations


You had 21 spell levels left.
You didn't know any spells.
Your spell library contained the following spells:

 Spells                   Type           Power      Damage    Failure   Level
 Freeze                   Ice            0%         1d3       73%         1
 Kiss of Death            Conj/Necr      0%         2d5       73%         1
 Magic Dart               Conj           0%         1d3       73%         1
 Necrotise                Necr           0%         1d4       73%         1
 Sandblast                Erth           0%         2d4       73%         1
 Shock                    Conj/Air       0%         1d3       73%         1
 Slow                     Hex            0%         N/A       73%         1
 Blink                    Tloc           0%         N/A       86%         2
 Ensorcelled Hibernation  Hex/Ice        0%         N/A       86%         2
 Lesser Beckoning         Tloc           0%         N/A       86%         2
 Momentum Strike          Conj/Tloc      0%         3d8       86%         2
 Passwall                 Tmut/Erth      0%         N/A       86%         2
 Poisonous Vapours        Pois/Air       0%         N/A       86%         2
 Searing Ray              Conj           0%         2d4       86%         2
 Sublimation of Blood     Necr           0%         N/A       86%         2
 Wereblood                Tmut           0%         N/A       86%         2
 Confusing Touch          Hex            0%         N/A       97%         3
 Mephitic Cloud           Conj/Pois/Air  0%         N/A       97%         3
 Stone Arrow              Conj/Erth      0%         3d7       97%         3
 Swiftness                Air            0%         N/A       97%         3
 Vampiric Draining        Necr           0%         2d6       97%         3
 Airstrike                Air            0%         2d(0-16)  100%        4
 Anguish                  Hex/Necr       0%         N/A       100%        4
 Cause Fear               Hex            0%         N/A       100%        4
 Dispel Undead            Necr           0%         3d6       100%        4
 Fulminant Prism          Conj/Hex       0%         3d5       100%        4
 Petrify                  Tmut/Erth      0%         N/A       100%        4
 Sticky Flame             Conj/Fire      0%         2d3       100%        4
 Agony                    Necr           0%         N/A       100%        5
 Alistair's Intoxication  Tmut/Pois      0%         N/A       100%        5
 Arcjolt                  Conj/Air       0%         1d10      100%        5
 Borgnjor's Vile Clutch   Necr/Erth      0%         N/A       100%        5
 Fireball                 Conj/Fire      0%         3d3       100%        5
 Freezing Cloud           Conj/Ice/Air   0%         6-21      100%        5
 Irradiate                Conj/Tmut      0%         3d11      100%        5
 Eringya's Noxious Bog    Tmut/Pois      0%         4d6       100%        6
 Orb of Destruction       Conj           0%         9d5       100%        7
 Ozocubu's Refrigeration  Ice            0%         4d7       100%        7
 Lehudib's Crystal Spear  Conj/Erth      0%         10d2      100%        8
 Polar Vortex             Ice            0%         N/A       100%        9
 Summon Guardian Golem    Hex/Summ       Unusable   N/A       N/A         3
 Simulacrum               Ice/Necr       Unusable   N/A       N/A         6
 Spellforged Servitor     Conj/Summ      Unusable   N/A       N/A         7
 Dragon's Call            Summ           Unusable   N/A       N/A         9

Dungeon Overview and Level Annotations

Branches:
Dungeon (15/15)            Temple (1/1) D:7            Lair (5/5) D:11
 Shoals (4/4) Lair:3        Snake (4/4) Lair:3        Slime (0/5) Lair:5
    Orc (2/2) D:9             Elf (0/3) Orc:2        Vaults (5/5) D:13
  Crypt (0/3) Vaults:2     Depths (0/4) D:15          IceCv (visited)
Desolation (visited)      Gauntlet (visited)

Altars:
Ashenzari
Cheibriados
Dithmenos
Elyvilon
Fedhas
Gozag
Hepliaklqana
Kikubaaqudgha
Makhleb
Nemelex Xobeh
Okawaru
Qazlal
Ru
Sif Muna
Trog
Uskayaw
Vehumet
Wu Jian
Xom
Yredelemnul
Zin
The Shining One
Beogh
Jiyva

Shops:
D:7 :   D:11 =   Orc:2 [(:*   Shoals:2 ?   Snake:1 *   Vaults:1 *

Annotations:
D:9 exclusion: oklob plant
Lair:5 1 runed translucent door, bmack86's ghost, journeyman MiFi
Shoals:4 exclusion: oklob plant
Vaults:4 3 runed translucent doors, Naox's ghost, adept KoAr
Vaults:5 Saint Roka


Innate Abilities, Weirdness & Mutations

You are frail. (-10% HP)
Your system is resistant to poisons. (rPois)
You passively dampen the noise of your surroundings.


Message History

You feel much better.
You feel sick.
The tentacled monstrosity tentacle-slaps you but does no damage. x2
You block the tentacled monstrosity's attack.
The tentacled monstrosity grabs you.
The tentacled monstrosity constricts you.
A deep elf zephyrmancer comes into view.
It is wielding a +0 long sword.
The shadow dragon breathes negative energy at you.
The bolt of negative energy hits the tentacled monstrosity.
The tentacled monstrosity completely resists.
The bolt of negative energy hits you but does no damage.
You partially resist.
The deep elf high priest calls down the wrath of its god upon you.
Something smites you!
* * * LOW HITPOINT WARNING * * *
Unknown command.
The tentacled monstrosity's grasp on you weakens, but your attempt to escape fails.
You feel sick.
The tentacled monstrosity tentacle-slaps you but does no damage.
You block the tentacled monstrosity's attack.
The tentacled monstrosity barely misses you.
The tentacled monstrosity constricts you.
The deep elf annihilator points at you and mumbles some strange words.
The poison arrow hits you!
You are more poisoned.
You partially resist.
* * * LOW HITPOINT WARNING * * *
A deep elf zephyrmancer comes into view.
It is wielding a +0 long sword of holy wrath.
Huge Dmg: -5%(-10hp) hp: 5%(9hp)
You feel much better.
You feel very sick.
You block the tentacled monstrosity's attack.
The tentacled monstrosity misses you. x2
The tentacled monstrosity constricts you!
* * * LOW HITPOINT WARNING * * *
The deep elf annihilator casts a spell at you.
The crystal spear hits you.
* * * LOW HITPOINT WARNING * * *
The titan waves its arms in wide circles.
The air twists around and strikes you!!
You die...

*,,**,,,,,,..........,,,,,,,**,,
*,,***,,,,,,.=......,,,*,,,,,*,,
*,,*#...,,,,........,,***,,,**,,
*,,*.....,,*,.O.e.#,,** **,***,,
*,,*#....,***.C.e#*#,,***,,,**,,
*,,*##...#* ##.e##/##,,*,,,,,*,,
*,,##.....###eDe.$([#*,,,,,,**,,
*,,#.......#pXe.[$$##..,,,,***,,
*,,*#.......p#@$!)##...,,,..**,,
*,,*##......##!$?##..#,,.....*,,
*,,*#......##:?[##..#**,....#*,,
*,,#.....#..##(##..## *#...##*,,
*,,##...*##.p###....###.....#*,,
*,,*##.** ##..#......#.......*,,
*,,*#.,,**#.................#*,,
*,,#.,,,,#.................##*,,
*,,#*,,.....................##..


You could see a shadow dragon (sheltered, catching breath), a tentacled
monstrosity (sheltered), an ironbound preserver (empowered), a titan
(empowered), a deep elf annihilator (empowered), an ogre mage (empowered), a
deep elf archer (empowered, repels missiles), 2 deep elf high priests and 2 deep
elf zephyrmancers.

Vanquished Creatures
  Bai Suzhen (Snake:4)
  Vashnia (Snake:2)
  Jorgrun (D:15)
  3 tentacled monstrosities (Vaults:4)
  The ghost of bakla the Warrior, an adept OgSh of Cheibriados (Shoals:2)
  Rupert (D:15)
  A sphinx (Vaults:4)
  2 frost giants (IceCv)
  A deep elf sorcerer (Vaults:4)
  8 nagarajas
  15 vault wardens
  3 orc warlords
  An imperial myrmidon (Desolation)
  3 war gargoyles
  5 very ugly things (Vaults:4)
  6 ironbound thunderhulks
  15 ironbound preservers
  A stone giant (D:15)
  A formless jellyfish (Vaults:3)
  Azrael (D:15)
  A minotaur (Gauntlet)
  A halazid warlock (Desolation)
  4 dire elephants (Vaults:3)
  A white draconian (IceCv)
  4 entropy weavers
  4 crystal guardians
  Josephine (D:12)
  5 merfolk javelineers
  2 eidola (Vaults:4)
  10 merfolk impalers
  7 yaktaur captains
  The ghost of Fodor the Protected, a journeyman MiFi of Gozag (D:9)
  7 great orbs of eyes
  6 ice dragons (IceCv)
  3 hydras
  4 ragged hierophants (Desolation)
  A rakshasa (D:15)
  Erolcha (Orc:1)
  11 peacekeepers
  Harold (D:11)
  10 vault guards
  4 servants of whispers (Desolation)
  2 catoblepae
  6 salamander tyrants
  5 anacondas
  3 merfolk aquamancers
  2 alligator snapping turtles (Shoals:4)
  3 merfolk avatars
  5 two-headed ogres
  9 centaur warriors
  17 ironbound frosthearts
  6 boulder beetles
  A satyr (Shoals:3)
  3 death yaks (D:11)
  20 naga warriors
  An orc high priest (Orc:2)
  Urug (Lair:4)
  5 shock serpents
  3 tengu warriors
  A vampire mage (D:15)
  15 naga sharpshooters
  A shadow wraith (Vaults:4)
  7 skysharks
  9 salamander mystics
  12 naga ritualists
  56 deep trolls
  28 sea snakes
  2 glowing orange brains (Vaults:4)
  3 wizards
  2 necromancers
  A phantasmal warrior (Vaults:4)
  16 ironbound convokers
  13 lindwurms
  6 mana vipers
  18 harpies
  7 orc knights
  7 deep elf pyromancers
  7 orc sorcerers
  An orange crystal statue (IceCv)
  20 cyclopes
  4 fauns
  27 ugly things
  15 manticores
  13 salamanders
  4 merfolk sirens
  8 elephants
  19 black mambas
  A stone giant skeleton (Vaults:2)
  9 guardian serpents
  3 water nymphs
  Jeremiah (D:8)
  5 molten gargoyles (Desolation)
  22 naga magi
  13 vault sentinels
  A black mamba (shapeshifter) (D:13)
  An unseen horror (D:13)
  2 gargoyles
  An eye of devastation (Gauntlet)
  17 rime drakes
  7 cane toads
  3 freezing wraiths
  Psyche (D:9)
  62 yaktaurs
  9 komodo dragons
  A tengu conjurer (D:15)
  4 trolls
  A queen bee (shapeshifter) (D:13)
  39 merfolk
  3 meliai (D:14)
  A hornet (Lair:5)
  Grinder (D:5)
  3 wind drakes (Shoals:4)
  9 polar bears (IceCv)
  6 dream sheep
  36 saltlings (Desolation)
  9 blink frogs
  A human simulacrum (Vaults:2)
  33 slime creatures
  10 snapping turtles
  A jumping spider (Vaults:1)
  A deep troll skeleton (Vaults:2)
  6 wyverns
  3 shadows
  12 wraiths
  4 vampires
  7 water elementals
  2 fire elementals (D:15)
  55 yaks
  2 steam dragons
  Eustachio (D:4)
  5 basilisks
  7 redbacks
  3 vampire mosquitoes (D:10)
  Menkaure (D:5)
  2 wargs (Orc:2)
  41 nagas
  16 water moccasins
  4 acid dragons
  3 hell hounds (D:15)
  A floating eye (Gauntlet)
  5 black bears
  38 orc warriors
  5 ogres
  12 centaurs
  A boggart (Vaults:1)
  4 wolves (Lair:1)
  2 lemures (D:6)
  A phantom (D:7)
  2 kobold brigands (D:9)
  3 gnoll sergeants
  18 bullfrogs
  5 scorpions
  15 wights
  3 killer bees (D:11)
  6 howler monkeys
  An electric eel (Snake:2)
  2 hounds
  Crazy Yiuf (D:3)
  2 gnoll boudas
  28 orc priests
  2 sleepcaps
  An iguana (D:3)
  31 orc wizards
  A hell rat (Lair:3)
  A mummy (D:8)
  31 gnolls
  4 adders
  3 shadow imps
  2 white imps (D:6)
  3 ufetubi
  2 worms
  7 dart slugs
  103 orcs
  7 bats
  2 endoplasms (D:2)
  2 giant cockroaches (D:1)
  4 goblins
  7 hobgoblins
  4 jackals
  12 kobolds
  2 quokkas (D:3)
  5 ball pythons
  2 frilled lizards
  A hobgoblin zombie (D:8)
  An orc zombie (D:8)
  10 rats
1470 creatures vanquished.

Vanquished Creatures (others)
  An ice dragon (IceCv)
  A naga mage (Snake:4)
  A gargoyle (Desolation)
  2 nagas
5 creatures vanquished.

Grand Total: 1475 creatures vanquished

Notes
Turn   | Place    | Note
-------+----------+-------------------------------------------
     0 | D:5      | RepHenryClay the Hill Orc Delver began the quest for the
                  | Orb.
     0 | D:5      | Reached XP level 1. HP: 19/19 MP: 1/1
    35 | D:5      | Noticed a scorpion
   196 | D:4      | Noticed Eustachio
   229 | D:4      | Noticed a howler monkey
   233 | D:4      | Noticed a crimson imp
   393 | D:3      | Found a runed translucent door.
   394 | D:3      | Noticed Crazy Yiuf
   527 | D:3      | Reached skill level 1 in Armour
   527 | D:3      | Reached XP level 2. HP: 26/26 MP: 2/2
   604 | D:3      | Reached XP level 3. HP: 3/31 MP: 3/3
   813 | D:3      | Found a basalt altar of Yredelemnul.
   966 | D:2      | Found a shimmering altar of Xom.
  1134 | D:1      | Reached XP level 4. HP: 39/39 MP: 4/4
  1160 | D:1      | Found a faded altar of an unknown god.
  2763 | D:3      | Reached skill level 5 in Axes
  2763 | D:3      | Reached XP level 5. HP: 40/45 MP: 5/5
  2951 | D:4      | Reached XP level 6. HP: 51/51 MP: 6/6
  3556 | D:5      | Reached skill level 5 in Armour
  3562 | D:5      | Reached XP level 7. HP: 15/57 MP: 7/7
  4018 | D:5      | Noticed Menkaure
  4196 | D:5      | Killed Menkaure
  4197 | D:5      | Reached XP level 8. HP: 12/64 MP: 8/8
  4257 | D:5      | Noticed Grinder
  4332 | D:6      | Noticed a wraith
  4364 | D:6      | Killed a wraith
  4994 | D:6      | Reached skill level 10 in Axes
  5440 | D:7      | Noticed a wyvern
  5451 | D:7      | Killed a wyvern
  5452 | D:7      | Reached XP level 9. HP: 62/70 MP: 9/9
  5565 | D:7      | Found Ulofek's Self-Published Books.
  5714 | D:7      | Gained mutation: Your system is resistant to poisons.
                  | (rPois) [potion of mutation]
  5714 | D:7      | Gained mutation: You are frail. (-10% HP) [potion of
                  | mutation]
  5714 | D:7      | Gained mutation: You passively dampen the noise of your
                  | surroundings. [potion of mutation]
  5793 | D:7      | Found a staircase to the Ecumenical Temple.
  5802 | Temple   | Entered the Ecumenical Temple
  6089 | D:7      | Reached skill level 10 in Armour
  6195 | D:7      | Reached XP level 10. HP: 69/69 MP: 10/10
  6847 | D:5      | Killed Grinder
  6932 | D:4      | Killed Eustachio
  7209 | D:3      | Killed Crazy Yiuf
  7423 | D:8      | Identified the +8 hand axe of Atexzeh {flame, +Blink Dex+5}
  7644 | D:8      | Found a broken altar of Ashenzari.
  7963 | D:8      | Noticed Jeremiah
  7981 | D:8      | Killed Jeremiah
  8444 | D:9      | Found an iron altar of Okawaru.
  8455 | D:9      | Found a runed translucent door.
  8461 | D:9      | Became a worshipper of Warmaster Okawaru
  8590 | D:9      | Found a staircase to the Orcish Mines.
  8592 | D:9      | Noticed a two-headed ogre
  8606 | D:9      | Killed a two-headed ogre
  8645 | D:9      | Found a blossoming altar of Fedhas.
  8655 | D:9      | Reached skill level 5 in Invocations
  8675 | D:9      | Noticed an oklob plant
  8747 | D:9      | Found a burning altar of Makhleb.
  8749 | D:9      | Noticed a cacodemon
  8753 | D:9      | Noticed a smoke demon
  8753 | D:9      | Noticed an orange demon
  8779 | D:9      | Noticed Psyche
  8781 | D:9      | Reached * piety under Okawaru
  8793 | D:9      | Killed Psyche
  8794 | D:9      | Reached skill level 5 in Fighting
  8893 | D:9      | Reached XP level 11. HP: 75/79 MP: 14/14
  9008 | D:9      | Noticed a boulder beetle
  9023 | D:9      | Killed a boulder beetle
  9023 | D:9      | Reached ** piety under Okawaru
  9080 | D:9      | Noticed Fodor's ghost (journeyman MiFi)
  9481 | D:10     | Entered Level 10 of the Dungeon
  9532 | D:10     | Noticed a boulder beetle
  9536 | D:10     | Noticed a manticore
  9564 | D:10     | Killed a manticore
  9573 | D:10     | Killed a boulder beetle
  9573 | D:10     | Reached *** piety under Okawaru
  9783 | D:10     | Found a glowing golden altar of the Shining One.
  9783 | D:10     | Found a hide-covered altar of Uskayaw.
  9784 | D:10     | Found a shimmering altar of Xom.
  9786 | D:10     | Found a shimmering blue altar of Sif Muna.
 10192 | D:10     | Found a shadowy altar of Dithmenos.
 10472 | D:11     | Noticed Harold
 10472 | D:11     | Noticed a two-headed ogre
 10483 | D:11     | Killed a two-headed ogre
 10483 | D:11     | Reached **** piety under Okawaru
 10483 | D:11     | Received a gift from Okawaru
 10492 | D:11     | Killed Harold
 10555 | D:11     | Noticed a cyclops
 10564 | D:11     | Killed a cyclops
 10658 | D:11     | Noticed a two-headed ogre
 10665 | D:11     | Killed a two-headed ogre
 10694 | D:11     | Reached skill level 10 in Fighting
 10694 | D:11     | Reached XP level 12. HP: 71/95 MP: 15/15
 10702 | D:11     | Reached ***** piety under Okawaru
 10751 | D:11     | Noticed a death yak
 10754 | D:11     | Found a staircase to the Lair.
 10754 | D:11     | Noticed a death yak
 10754 | D:11     | Noticed a death yak
 10771 | D:11     | Killed a death yak
 10781 | D:11     | Killed a death yak
 10794 | D:11     | Killed a death yak
 10904 | D:11     | Noticed a two-headed ogre
 10913 | D:11     | Killed a two-headed ogre
 11059 | D:11     | Found Ozyogi's Jewellery Shop.
 11203 | D:11     | Received a gift from Okawaru
 11205 | D:11     | Reached skill level 10 in Invocations
 11457 | D:12     | Identified the +5 morningstar of Kismet {elec, rC- rN+
                  | Str+2}
 11572 | D:12     | Reached skill level 5 in Dodging
 11675 | D:12     | Noticed Josephine
 11682 | D:12     | Killed Josephine
 11960 | Orc:1    | Entered Level 1 of the Orcish Mines
 11996 | Orc:2    | Entered Level 2 of the Orcish Mines
 12065 | Orc:2    | Found a staircase to the Elven Halls.
 12176 | Orc:1    | Reached XP level 13. HP: 79/102 MP: 20/20
 12227 | Orc:1    | Noticed an orc warlord
 12491 | Orc:1    | Reached skill level 15 in Armour
 12563 | Orc:1    | Noticed Erolcha
 12574 | Orc:1    | Killed Erolcha
 12718 | Orc:1    | Killed an orc warlord
 12726 | Orc:1    | Received a gift from Okawaru
 13516 | Orc:2    | Noticed an orc warlord
 13580 | Orc:2    | Killed an orc warlord
 13729 | Orc:2    | Found a roughly hewn altar of Beogh.
 13801 | Orc:2    | Found a roughly hewn altar of Beogh.
 13849 | Orc:2    | Found a roughly hewn altar of Beogh.
 13857 | Orc:2    | Found Qohuabur's Book Shoppe.
 13941 | Orc:2    | Found Veygafev's Antique Armour Boutique.
 13942 | Orc:2    | Found a roughly hewn altar of Beogh.
 13945 | Orc:2    | Found Uppakiz's Antique Weapon Shop.
 13956 | Orc:2    | Bought a pair of runed gloves for 165 gold pieces
 13956 | Orc:2    | Bought an embroidered scarf for 176 gold pieces
 13956 | Orc:2    | Bought a distressingly furry scale mail for 198 gold pieces
 13956 | Orc:2    | Identified the +5 scale mail of the Equator {rF+} (You
                  | bought it in a shop on level 2 of the Orcish Mines)
 14100 | Orc:2    | Found a roughly hewn altar of Beogh.
 14154 | Orc:2    | Found a roughly hewn altar of Beogh.
 14155 | Orc:2    | Found Siotzujeluf's Assorted Antiques.
 14170 | Orc:2    | Received a gift from Okawaru
 14348 | Lair:1   | Entered Level 1 of the Lair of Beasts
 15007 | Lair:1   | Reached XP level 14. HP: 117/117 MP: 21/21
 16025 | Lair:3   | Found a gate leading to a gauntlet.
 16034 | Gauntlet | Entered a Gauntlet
 16034 | Gauntlet | Found a transporter.
 16034 | Gauntlet | Found a runed translucent gate.
 16034 | Gauntlet | Found a runed translucent gate.
 16036 | Gauntlet | Found a runed translucent gate.
 16041 | Gauntlet | Found a transporter.
 16043 | Gauntlet | Found a transporter.
 16054 | Gauntlet | Found a transporter.
 16057 | Gauntlet | Found a transporter.
 16066 | Gauntlet | Found a transporter.
 16082 | Gauntlet | Found a transporter.
 16089 | Gauntlet | Found a runed translucent door.
 16093 | Gauntlet | Found a transporter.
 16098 | Gauntlet | Found a transporter.
 16101 | Gauntlet | Found a transporter.
 16118 | Gauntlet | Found a transporter.
 16137 | Gauntlet | Found a transporter.
 16172 | Gauntlet | Found a transporter.
 16183 | Gauntlet | Found a transporter.
 16271 | Gauntlet | Identified the ring "Wiemuel" {+Blink rElec rF+ Will++
                  | Dex-4}
 16519 | Lair:3   | Found a staircase to the Snake Pit.
 16675 | Lair:3   | Received a gift from Okawaru
 16759 | Lair:3   | Reached skill level 15 in Fighting
 16766 | Lair:3   | Found a staircase to the Shoals.
 17419 | Lair:4   | Reached skill level 1 in Long Blades
 17619 | Lair:4   | Noticed Urug
 17634 | Lair:5   | Entered Level 5 of the Lair of Beasts
 17827 | Lair:5   | Reached skill level 5 in Long Blades
 17937 | Lair:5   | Received a gift from Okawaru
 18026 | Lair:5   | Identified the +6 battleaxe of Dust {freeze, Fly Will+}
 18055 | Lair:5   | Identified the ring "Fowk" {rN+ MP+9 Int+3}
 18209 | Lair:5   | Found a runed translucent door.
 18209 | Lair:5   | Found a shimmering altar of Xom.
 18209 | Lair:5   | Noticed bmack86's ghost (journeyman MiFi)
 18323 | Lair:5   | Found a staircase to the Slime Pits.
 18355 | Lair:5   | Found a viscous altar of Jiyva.
 18555 | Lair:4   | Killed Urug
 18555 | Lair:4   | Received a gift from Okawaru
 18656 | Lair:4   | Reached XP level 15. HP: 126/126 MP: 22/22
 18959 | D:9      | Killed Fodor's ghost
 19296 | D:13     | Found a gate to the Vaults.
 19324 | D:13     | Reached skill level 10 in Long Blades
 20313 | D:14     | Identified the +2 cloak of Springtime {Harm *Corrode Regen+
                  | SInv} (Okawaru gifted it to you on level 14 of the Dungeon)
 20313 | D:14     | Received a gift from Okawaru
 20361 | D:14     | Found a frozen archway.
 20367 | IceCv    | Entered an ice cave
 20824 | IceCv    | Noticed a frost giant
 20824 | IceCv    | Noticed a frost giant
 20842 | IceCv    | Killed a frost giant
 20856 | IceCv    | Killed a frost giant
 21332 | D:14     | Reached XP level 16. HP: 135/135 MP: 23/23
 21425 | D:14     | Identified the +3 pair of boots of the Wumpus {rPois}
                  | (Okawaru gifted it to you on level 14 of the Dungeon)
 21425 | D:14     | Received a gift from Okawaru
 21985 | D:15     | Entered Level 15 of the Dungeon
 22047 | D:15     | Noticed Azrael
 22073 | D:15     | Killed Azrael
 22268 | D:15     | Reached skill level 1 in Shields
 22403 | D:15     | Noticed Rupert
 22404 | D:15     | Paralysed by Rupert for 4 turns
 22431 | D:15     | Killed Rupert
 22915 | D:15     | Reached skill level 5 in Shields
 23008 | D:15     | Found a staircase to the Depths.
 23042 | D:15     | Noticed Jorgrun
 23064 | D:15     | Killed Jorgrun
 23391 | Snake:1  | Entered Level 1 of the Snake Pit
 23490 | Snake:1  | Noticed a nagaraja
 23517 | Snake:1  | Killed a nagaraja
 23557 | Snake:1  | Received a gift from Okawaru
 23855 | Snake:1  | Found Fitiylek's Assorted Antiques.
 23859 | Snake:1  | Bought a scroll labelled ZIB ZOMOEBB for 45 gold pieces
 23859 | Snake:1  | Acquired 863 gold pieces
 24112 | Snake:1  | Received a gift from Okawaru
 24356 | Snake:1  | Received a gift from Okawaru
 24679 | Snake:2  | Noticed a nagaraja
 24680 | Snake:2  | Found a transporter.
 24977 | Snake:2  | Noticed Vashnia
 25007 | Snake:2  | Reached skill level 10 in Shields
 25007 | Snake:2  | Reached XP level 17. HP: 138/144 MP: 24/24
 25027 | Snake:2  | Killed Vashnia
 25198 | Snake:2  | Acquired a manual of Dodging
 25227 | Snake:2  | Found a radiant altar of Vehumet.
 25875 | Snake:2  | Received a gift from Okawaru
 25979 | Snake:2  | Identified the amulet of Undoing {Faith Rampage rN+ Str+2}
 25988 | Snake:2  | Found a transporter.
 26469 | Snake:3  | Reached skill level 10 in Dodging
 26495 | Snake:4  | Entered Level 4 of the Snake Pit
 26538 | Snake:4  | Identified the +3 buckler "Cisalix" {Int+3 Dex+4 Stlth+}
                  | (Okawaru gifted it to you on level 4 of the Snake Pit)
 26538 | Snake:4  | Received a gift from Okawaru
 26780 | Snake:4  | Noticed Bai Suzhen
 26821 | Snake:4  | Killed Bai Suzhen
 27464 | Snake:4  | Reached XP level 18. HP: 120/151 MP: 25/25
 27703 | Snake:4  | Identified the +2 ring mail of Liwn {rC+ Regen+ SInv}
                  | (Okawaru gifted it to you on level 4 of the Snake Pit)
 27703 | Snake:4  | Received a gift from Okawaru
 28136 | Snake:4  | Got a serpentine rune of Zot
 28394 | Shoals:1 | Entered Level 1 of the Shoals
 28430 | Lair:3   | Upgraded the game from 0.31-a0-574-g69dc8cc98e to
                  | 0.31-a0-590-g8a5a4361df
 28473 | Shoals:1 | Identified the +9 dagger "Inuawa" {freeze, rElec Will+}
 28700 | Shoals:1 | Reached skill level 15 in Shields
 29473 | Shoals:2 | Reached ****** piety under Okawaru
 29986 | Shoals:2 | Found Gioqineq's Magic Scroll Boutique.
 29992 | Shoals:2 | Found a runed translucent door.
 29992 | Shoals:2 | Noticed bakla's ghost (adept OgSh)
 29994 | Shoals:2 | Bought a scroll of teleportation for 48 gold pieces
 30046 | Shoals:2 | Killed bakla's ghost
 30049 | Shoals:2 | Identified the +0 helmet of the Fife {rF++ MP+9 Stlth-}
 30551 | Shoals:3 | Received a gift from Okawaru
 30666 | Shoals:3 | Reached XP level 19. HP: 161/161 MP: 26/26
 31409 | Shoals:4 | Entered Level 4 of the Shoals
 31435 | Shoals:4 | Identified the +6 scale mail "Ximeolyi" {Int+4 Slay+3}
                  | (Okawaru gifted it to you on level 4 of the Shoals)
 31435 | Shoals:4 | Received a gift from Okawaru
 31520 | Shoals:4 | Identified the +0 leather armour "Puratawuti" {rElec Str+2}
 31823 | Shoals:4 | Identified the +1 glaive of Saqinaxtil {drain, *Rage Str+3
                  | Int+3}
 31975 | Shoals:4 | Acquired a +4 double sword of holy wrath
 32114 | Shoals:4 | Found a glowing silver altar of Zin.
 32321 | Shoals:4 | Got the Vellum of the Armadillo
 32492 | Shoals:4 | Got a barnacled rune of Zot
 32705 | Vaults:1 | Entered Level 1 of the Vaults
 32811 | Vaults:1 | Received a gift from Okawaru
 33095 | Vaults:1 | Found Dylaesk Eria's Assorted Antiques.
 33108 | Vaults:1 | Received a gift from Okawaru
 33129 | Vaults:1 | You fall into a shaft and drop 1 floor!
 33235 | Vaults:2 | Found a staircase to the Crypt.
 33238 | Vaults:2 | Found a flickering gateway to a bazaar.
 33249 | Bazaar   | Entered a bazaar
 33276 | Bazaar   | Found Kafackos's Assorted Antiques.
 33292 | Bazaar   | Found Weg Juck's Assorted Antiques.
 33292 | Bazaar   | Found Pijashoh's Book Shoppe.
 33314 | Bazaar   | Found Teor's Antique Armour Emporium.
 33314 | Bazaar   | Found Haageta's Book Shoppe.
 33361 | Bazaar   | Bought a glowing cloak for 187 gold pieces
 33368 | Bazaar   | Bought a book of Spatial Translocations for 342 gold pieces
 33383 | Bazaar   | Bought a glowing helmet for 165 gold pieces
 33404 | Bazaar   | Bought a scroll of revelation for 195 gold pieces
 33404 | Bazaar   | Bought a scroll of revelation for 195 gold pieces
 33897 | Vaults:1 | Reached XP level 20. HP: 170/173 MP: 27/27
 34604 | Vaults:1 | Identified the ring of Vila {rElec MP+9 Dex-5 Slay+6}
 35059 | Vaults:1 | Received a gift from Okawaru
 35059 | Vaults:1 | Found the +18 Lear's hauberk
 36609 | Vaults:3 | Paralysed by a formless jellyfish for 1 turns
 36634 | Vaults:3 | Found a crumbling gateway.
 36642 | Desolati | Entered the Desolation of Salt
 36726 | Desolati | Found the amulet of Elemental Vulnerability {rPois rF--
                  | rC-- AC+8}
 36876 | Desolati | Found the +5 demon whip "Spellbinder" {antimagic, disrupt,
                  | Will+}
 36878 | Desolati | Identified the amulet of Suspected Treachery {Faith Str+6}
 36888 | Desolati | Got Seitrois's Compendium of Bolts
 37524 | Desolati | Identified the ring "Nett" {*Corrode rF+ rN+ Int+4 Dex+3}
 37566 | Desolati | Received a gift from Okawaru
 37775 | Desolati | Identified the staff of Inference {rC+ Dex+2 Fire Ice}
 38900 | Vaults:3 | Received a gift from Okawaru
 39051 | Vaults:3 | Received a gift from Okawaru
 39060 | Vaults:3 | Reached XP level 21. HP: 168/188 MP: 28/28
 41156 | Vaults:4 | Received a gift from Okawaru
 41667 | Vaults:4 | Identified the +3 falchion "Timuaz" {heavy, rCorr Stlth+}
                  | (Okawaru gifted it to you on level 4 of the Vaults)
 41667 | Vaults:4 | Received a gift from Okawaru
 42550 | Vaults:4 | Received a gift from Okawaru
 42616 | Vaults:4 | Identified the +11 war axe of Subterfuge {speed, rCorr
                  | Int-4 SInv}
 42974 | Vaults:4 | Found a runed translucent gate.
 42975 | Vaults:4 | Found a runed translucent gate.
 42975 | Vaults:4 | Found a runed translucent gate.
 43066 | Vaults:4 | Reached XP level 22. HP: 200/200 MP: 29/29
 43428 | Vaults:4 | Found a runed translucent gate.
 43428 | Vaults:4 | Found a runed translucent gate.
 43429 | Vaults:4 | Noticed Naox's ghost (adept KoAr)
 43430 | Vaults:4 | Identified the +10 plate armour "Hyhues" {Dex+6}
 43454 | Vaults:4 | Found a runed translucent gate.
 43547 | Vaults:5 | Entered Level 5 of the Vaults
 43547 | Vaults:5 | Noticed Saint Roka
 43587 | Vaults:5 | HP: 6/199 [deep elf high priest/divine providence (18)]
 43590 | Vaults:5 | Killed from afar by a titan

Illustrated notes

Levels and vault maps discovered:
D:1:      minmay_arrival_four_circles, layout_loops_ring,
          shapermc_ecumenical_altar_mp_ritualfount
D:2:      layout_rooms, basic_altar, dk_noncrumbling_2,
          kennysheep_generic_room_8
D:3:      layout_basic, lemuel_coloured_pillars_altar, palyth_stone_intersect,
          uniq_crazy_yiuf_cottage
D:4:      layout_gridville, uniq_eustachio
D:5:      layout_basic, portal_sewer_entry_b, uniq_menkaure, uniq_grinder,
          uniq_pikel
D:6:      layout_basic, serial_demonic, serial_demonic_c, serial_demonic_d,
          serial_demonic_a, serial_demonic_b, kennysheep_decorative_pillar
D:7:      layout_rooms, minmay_temple_entry_sparse_star, serial_bayou_pond_e,
          serial_bayou_ford_a, solitary_fountain, nicolae_custom_books,
          minivault_22, minmay_misc_feat_columns
D:8:      corexii_shack_village, layout_basic, mainiacjoe_overflow_brackets,
          nicolae_ossuary_entry_giza, uniq_jeremiah
D:9:      layout_long_grid, tgw_fedhas, okawaru_trees_1,
          makhleb_altar_promises_db, ebering_ghost_reflecting_pool, uniq_psyche
D:10:     layout_basic, nicolae_dithmenos_through_a_glass_darkly,
          grunt_temple_overflow_open, minmay_checkerbox
D:11:     nicolae_BIG_FREAKIN_CUBE, layout_loops_ring, dpeg_lair_monsters,
          serial_shops, kennysheep_mini, st_stairs_13, uniq_harold
D:12:     layout_rooms, uniq_josephine
D:13:     layout_grid_maze, lightli_vaults_fourway_checkpoint
D:14:     layout_roguey [special_room_orc], portal_ice_cave_entry_horrid_things
D:15:     hangedman_depths_entry_civil_slaughter, layout_small_grid,
          grunt_decor_mini_mirrors, nzn_life_drinkers, uniq_rupert, uniq_azrael,
          uniq_jorgrun
Temple:   nicolae_temple_hex_pool
Lair:1:   layout_roguey, grunt_megastairs_4, infiniplex_staircase_pool_2,
          lemuel_fruit_tree
Lair:2:   layout_cave_pods
Lair:3:   layout_regular_city, minmay_shoals_entry_lonely_mermaid,
          minmay_snake_entry_guardpost_medium, gauntlet_entry_generic,
          beast_lair_carwin_7
Lair:4:   layout_roguey, uniq_urug
Lair:5:   gammafunk_lair_ancient_temple, layout_gridlike, slime_entry_1,
          ebering_ghost_xom, chequers_serial_rivers_micro_d
Shoals:1: layout_shoals, nicolae_shoals_seven_spires
Shoals:2: layout_shoals, gammafunk_ghost_grave, serial_shops, shop_statue,
          overgrown_hall
Shoals:3: layout_shoals, st_cyclops
Shoals:4: shoals_end_simple, layout_shoals, lemuel_oklob_altar
Snake:1:  layout_chambers, minmay_shop_star
Snake:2:  gammafunk_sealed_library, layout_chambers, guppyfry_snake_island,
          uniq_vashnia
Snake:3:  layout_rooms
Snake:4:  snake_pit, layout_rooms, nicolae_snake_salamander_jacuzzi,
          serial_bayou_shore_b, grunt_megastairs_2, uniq_bai_suzhen
Orc:1:    layout_diamond_mine, nicolae_orc_stony_grotto, uniq_erolcha
Orc:2:    grunt_orc_community_town_hall, layout_caves,
          grunt_orc_community_big_house_2, grunt_orc_community_big_house_1,
          grunt_orc_community_house_1, grunt_orc_community_house_2,
          grunt_orc_community_house_1, grunt_orc_community_house_1,
          grunt_orc_community_house_1, mines4_lemuel
Vaults:1: v_misc_32, v_misc_29, hangedman_vaults_trim, grunt_vaults_trifunnel,
          nicolae_vaults_layer_cake_slice, v_misc_8,
          nicolae_vaults_tetromino_Z_2, v_misc_12, vaults_room_door_hall,
          vaults_dpeg_ring, grunt_vaults_diagonal,
          nicolae_vaults_little_squares_3, nicolae_vaults_house_2,
          nicolae_vaults_apartment_2, nicolae_vaults_diamond_1,
          layout_vaults_chaotic_city, serial_shops, nicolae_shop_dealshenge
Vaults:2: nicolae_vaults_little_squares_1, nicolae_vaults_offset_grid_hallway_4,
          vaults_room_fancy_cross, nicolae_vaults_ring_of_whatevers,
          nicolae_vaults_apartment_1, hangedman_vaults_impose,
          nicolae_vaults_tetromino_Z_2, vaults_room_pools,
          layout_vaults_omnigrid, dummy_crypt_entry, serial_shops,
          bzr_entry_dummy
Vaults:3: portal_desolation_entry_garden, vaults_dpeg_doors,
          vaults_standard_mumra_x, nicolae_vaults_stairing_the_circle,
          nicolae_vaults_little_squares_1, nicolae_vaults_little_squares_5,
          nicolae_vaults_wrenched, hangedman_vaults_stagger, v_misc_27,
          nicolae_vaults_trapezoid_2, ontoclasm_vaults_gateway,
          nicolae_vaults_trapezoid_3, layout_vaults_ring
Vaults:4: ploomutoo_gammafunk_ghost_potion_laboratory,
          nicolae_vaults_tetromino_L_1, nicolae_vaults_arrows,
          nicolae_vaults_meiosis, ontoclasm_vaults_chip, v_pattern_1,
          hangedman_vaults_cutoff, nicolae_vaults_stand_back,
          ontoclasm_vaults_claustrophobia, nicolae_vaults_mini_display_case,
          vaults_room_stairs_pillars, nicolae_vaults_little_squares_4,
          nicolae_vaults_ring_of_whatevers, nicolae_vaults_tangram_1,
          layout_vaults_omnibox
Vaults:5: uniq_margery, uniq_saint_roka

Skill      XL: |  1  2  3  4  5  6  7  8  9 10 11 12 13 14 15 16 17 18 19 20 21 |
---------------+----------------------------------------------------------------+-----
Axes           | 3 4 5 6 7 8 10 12 14 | 14.0
Armour         | 1 2 3 4 5 6 8 10 12 14 16 17 18 19 21 22 24 | 24.2
Fighting       | 5 10 13 15 16 17 20 22 24 | 24.3
Invocations    | 5 10 | 10.0
Dodging        | 5 12 | 12.2
Long Blades    | 8 14 | 14.0
Shields        | 10 12 15 | 15.0
Stealth        | |  4.1

Action                     |  1- 3 |  4- 6 |  7- 9 | 10-12 | 13-15 | 16-18 | 19-21 | 22-24 || total
---------------------------+-------+-------+-------+-------+-------+-------+-------+-------++-------
  Melee: Hand axe          |    76 |   204 |   435 |   647 |   939 |     4 |       |       ||  2305
         Punch             |       |     1 |     2 |    10 |    31 |     4 |       |       ||    48
         Mace              |       |       |    28 |    10 |       |       |       |       ||    38
         Demon blade       |       |       |       |       |   658 |  2207 |  2993 |    76 ||  5934
  Throw: Dart              |       |     4 |    15 |     5 |     3 |       |       |       ||    27
 Invoke: Heroism           |       |       |       |       |    17 |    16 |     8 |     1 ||    42
         Finesse           |       |       |       |       |     1 |     1 |       |     1 ||     3
  Evoke: Wand              |       |       |     1 |       |     8 |     2 |       |       ||    11
    Use: Scroll            |     2 |    10 |     4 |     6 |     6 |     4 |    10 |     5 ||    47
         Potion            |     2 |     3 |     4 |       |     5 |     5 |       |     2 ||    21
   Stab: Sleeping          |     4 |     1 |       |     4 |    15 |     2 |       |       ||    26
         Invisible         |       |       |       |       |    15 |       |       |       ||    15
 Armour: Ring mail         |    39 |    15 |       |       |       |       |       |       ||    54
         Scale mail        |       |    58 |   128 |   106 |   327 |   335 |       |       ||   954
         Chain mail        |       |       |       |    91 |    96 |       |       |       ||   187
         Ice dragon scales |       |       |       |       |    98 |       |       |       ||    98
         Storm dragon scal |       |       |       |       |       |   352 |  1388 |    41 ||  1781
  Dodge: Dodged            |    91 |   163 |   299 |   285 |  1229 |  1199 |  1987 |    60 ||  5313
  Block: Kite shield       |       |       |       |       |       |  1019 |  2121 |    52 ||  3192
         Buckler           |       |       |       |       |       |    91 |       |       ||    91

Table legend: (Time is in decaauts)
 A = Elapsed time spent in this place.
 B = Non-inter-level travel time spent in this place.
 C = Inter-level travel time spent in this place.
 D = Time resting spent in this place.
 E = Time spent auto-exploring this place.
 F = Levels seen in this place.
 G = Mean time per level.
                   A        B        C        D        E       F      G
               +--------+--------+--------+--------+--------+-----+--------+
         Total |  41324 |  38473 |   2851 |   1899 |  25564 |  40 | 1033.1 |
       Dungeon |  15185 |  13951 |   1234 |    350 |  10033 |  15 | 1012.3 |
        Temple |      1 |      1 |      0 |      0 |      0 |   1 |    1.0 |
          Lair |   4231 |   3670 |    561 |     21 |   2817 |   5 |  846.2 |
        Shoals |   3931 |   3620 |    311 |     11 |   2238 |   4 |  982.8 |
     Snake Pit |   4663 |   4422 |    241 |    102 |   2930 |   4 | 1165.8 |
  Orcish Mines |   2168 |   2011 |    157 |     60 |   1353 |   2 | 1084.0 |
        Vaults |   7976 |   7631 |    345 |    851 |   4753 |   5 | 1595.2 |
        Bazaar |    198 |    198 |      0 |      0 |     92 |   1 |  198.0 |
      Ice Cave |    705 |    705 |      0 |     66 |    235 |   1 |  705.0 |
    Desolation |   1861 |   1861 |      0 |    347 |    940 |   1 | 1861.0 |
      Gauntlet |    401 |    401 |      0 |     90 |    172 |   1 |  401.0 |
               +--------+--------+--------+--------+--------+-----+--------+

Top non-repeatable levels by time:
Vaults:3: 2288 daAuts
Vaults:4: 2244 daAuts
Vaults:1: 1947 daAuts
Desolation: 1861 daAuts
     D:6: 1592 daAuts
 Snake:4: 1540 daAuts
Vaults:2: 1462 daAuts
 Snake:2: 1337 daAuts
   Orc:2: 1316 daAuts
     D:3: 1252 daAuts
 Snake:1: 1232 daAuts
     D:9: 1231 daAuts
    D:13: 1223 daAuts
     D:4: 1162 daAuts
    D:15: 1130 daAuts
